 Dungeon Crawl Stone Soup version 0.20.0-15-g7f486f2 (webtiles) character file.

46 polpettosauro the Skirmisher (level 3, -3/29 HPs)
             Began as a Demonspawn Abyssal Knight on July 1, 2017.
             Was a Follower of Lugonu.
             Slain by a gnoll (4 damage)
             ... on level 3 of the Dungeon.
             The game lasted 00:12:11 (1505 turns).

polpettosauro the Skirmisher (DsAK)                 Turns: 1505, Time: 00:12:12

Health: -3/29      AC:  6    Str: 12    XL:     3   Next: 46%
Magic:  5/5        EV: 10    Int: 13    God:    Lugonu [*.....]
Gold:   42         SH:  0    Dex: 13    Spells: 2/2 levels left

rFire    . . .     SeeInvis .   a - +1 falchion
rCold    . . .     Gourm    .   (no shield)
rNeg     . . .     Faith    .   e - +0 ring mail
rPois    .         Spirit   .   (no helmet)
rElec    .         Reflect  .   (no cloak)
rCorr    .         Harm     .   (no gloves)
MR       .....                  (no boots)
Stlth    ++........             (no amulet)
Regen    0.1/turn               d - ring of stealth
MPRegen  0.1/turn               (no ring)

@: no status effects
A: rugged brown scales 1
a: Depart the Abyss, Renounce Religion


You were on level 3 of the Dungeon.
You worshipped Lugonu.
Lugonu was aware of your devotion.
You were not hungry.

You visited 1 branch of the dungeon, and saw 3 of its levels.
You visited the Abyss 1 time.

You collected 42 gold pieces.

Inventory:

Hand Weapons
 a - a +1 falchion (weapon)
Armour
 b - a +0 leather armour
 e - a +0 ring mail (worn)
Jewellery
 d - a ring of stealth (left hand)
Scrolls
 c - a scroll of amnesia {unknown}
 g - a scroll of enchant armour {unknown}
 i - a scroll of remove curse {unknown}
 j - a scroll of enchant weapon {unknown}
Potions
 f - a potion of agility {unknown}
Comestibles
 h - a meat ration


   Skills:
 + Level 3.6 Fighting
 + Level 2.2 Long Blades
 + Level 2.2 Armour
 + Level 1.0 Dodging
 + Level 0.4 Stealth
 + Level 2.7 Invocations


You had 2 spell levels left.
You didn't know any spells.

Dungeon Overview and Level Annotations

Branches:
Dungeon (3/15)

Altars:
Dithmenos
Vehumet


Innate Abilities, Weirdness & Mutations

You are partially covered in rugged brown scales. (AC +1, +3% HP)


Message History

The gnoll closely misses you. The gnoll hits you but does no damage.
The orc hits you but does no damage. As you open the door, it creaks loudly!
The orc hits you with a flail!
* * * LOW HITPOINT WARNING * * *
The gnoll barely misses you. The gnoll hits you but does no damage.
There is an open door here.
Found 21 stones.
You see here 21 stones.
You open the door. The gnoll closely misses you.
There is an open door here.
Found 16 sling bullets.
Found a radiant altar of Vehumet.
As you open the door, it creaks loudly!
You hear a shout!
The gnoll hits you.
* * * LOW HITPOINT WARNING * * *
There is an open door here.
The gnoll hits you.
You die...

###...## ......
##....## ......
.. .... ..#
#..###.##
#...#...#.
#.@..(_... #
##g..#...#.
#.##.o.###.##
#.#..o..#...#
#............
###....g....###
.......o....+
..........o.#
##.#.......##


You could see 2 gnolls and 4 orcs.

Vanquished Creatures
  2 adders
  2 dart slugs
  A leopard gecko (D:3)
  A giant cockroach (D:1)
  5 goblins
  A hobgoblin (D:1)
  3 kobolds
  2 ball pythons (D:1)
  3 bats (D:1)
  2 frilled lizards
  A rat (D:1)
23 creatures vanquished.

Notes
Turn   | Place    | Note
-------+----------+-------------------------------------------
     0 | Abyss:1  | polpettosauro the Demonspawn Abyssal Knight began the quest for the Orb.
     0 | Abyss:1  | Reached XP level 1. HP: 18/18 MP: 2/2
    70 | Abyss:1  | Noticed an iron dragon skeleton
   114 | Abyss:1  | Noticed a cyan very ugly thing
   118 | D:1      | Escaped the Abyss
   394 | D:2      | Gained mutation: You are partially covered in rugged brown scales. (AC +1, +3% HP) [demonic ancestry]
   394 | D:2      | Reached XP level 2. HP: 6/24 MP: 3/3
   955 | D:1      | Reached * piety under Lugonu
  1152 | D:2      | Reached XP level 3. HP: 29/29 MP: 5/5
  1306 | D:3      | Reached skill level 1 in Dodging
  1411 | D:3      | Found a shadowy altar of Dithmenos.
  1501 | D:3      | Found a radiant altar of Vehumet.
  1502 | D:3      | HP: 1/29 [gnoll (4)]
  1505 | D:3      | Slain by a gnoll

Skill      XL: |  1  2  3 |
---------------+----------+-----
Long Blades    | 2 |  2.2
Armour         | 2 |  2.2
Dodging        | 1 |  1.0
Fighting       | |  3.6
Stealth        | |  0.4
Invocations    | |  2.7

Action                   || total
-------------------------++-------
Melee: Falchion          ||    86
Invok: Depart the Abyss  ||     1
  Use: Scroll            ||     1
  Eat: Bread ration      ||     1
       Chunk             ||     1
Armor: Ring mail         ||    50
Dodge: Dodged            ||    75
       Rpst.: Falchion   ||    23
